Map: Lerilak Crest

Players

LilDicky

  • Race: Terran Terran
  • League: Diamond

pikweed - Winner!

  • Race: Terran Terran
  • League: Platinum

VOD

http://www.twitch.tv/tumescentpie

Description

Time

  • Played on: Jan. 3, 2016, 1:23 a.m.
  • Length: 4:51
Show
View Real Time Build Order
Export as new Build Order

LilDicky Terran 

Build Orders: Liberator Opening 

Get SALT Encoding   

  12  0:01  SCV  
  13  0:13  SCV  
  14  0:18  Supply Depot  
  14  0:30  SCV  
  14  0:34  Refinery  
  15  0:43  SCV  
  16  0:50  Barracks  
  16  0:55  SCV  
  17  1:07  SCV  
  18  1:19  SCV  
  19  1:32  SCV  
  20  1:39  Refinery  
  20  1:41  Supply Depot, Marine  
  20  1:44  Orbital Command  
  21  1:50  Factory  
  21  2:14  SCV  
  22  2:18  Marine  
  23  2:29  SCV  
  24  2:35  Factory Tech Lab  
  24  2:36  Starport  
  24  2:41  Supply Depot, Marine  
  24  2:42  SCV  
  25  2:54  SCV  
  25  2:56  Liberator  
  26  3:03  Siege Tank  
  29  3:15  SCV  
  29  3:17  Supply Depot  
  33  3:31  SCV  
  34  3:35  Siege Tank  
  34  3:36  Supply Depot  
  37  3:55  Engineering Bay  
  37  3:56  Marine  
  38  4:08  SCV  
  39  4:14  Marine  
  43  4:25  Supply Depot  
  43  4:29  Command Center  
Show
View Real Time Build Order
Export as new Build Order

pikweed Terran - Winner!

Build Orders:  

Get SALT Encoding   

  12  0:00  SCV  
  13  0:13  SCV  
  14  0:17  Supply Depot  
  14  0:25  SCV  
  15  0:29  Refinery  
  15  0:39  SCV  
  16  0:45  Barracks  
  16  0:51  SCV  
  17  1:03  SCV  
  18  1:15  SCV  
  19  1:25  Refinery  
  19  1:31  Orbital Command  
  19  1:33  Factory  
  20  1:44  Supply Depot  
  20  1:48  Reaper  
  20  1:58  SCV  
  20  2:00  Factory  
  21  2:10  SCV  
  22  2:22  SCV  
  23  2:24  Reaper  
  24  2:35  SCV  
  25  2:37  Command Center  
  27  2:51  Hellion  
  27  2:52  Starport  
  27  2:53  SCV  
  28  3:04  Barracks Tech Lab  
  28  3:05  SCV  
  29  3:13  Supply Depot  
  29  3:18  SCV  
  30  3:24  Supply Depot  
  30  3:30  SCV  
  31  3:35  Hellion  
  33  3:42  Barracks Tech Lab  
  33  3:45  Banshee  
  36  3:49  Supply Depot  
  36  3:52  Orbital Command  
  36  3:54  SCV  
  37  4:03  Hellion, Marine  
  40  4:16  SCV  
  41  4:20  SCV  
  42  4:24  Marine  
  42  4:28  SCV  
  42  4:30  Hellion  
Tags
 
Add a new tag
Caveats
  • Supply blocks, unpowered buildings, or Contaminate may cause inaccurate times.
  • Supply counts are checked every 10 seconds.